 Dungeon Crawl Stone Soup version 0.18-a0-1639-g7533f42 (webtiles) character file.

13972 dohliylev the Fighter (level 12, -5/82 HPs)
             Began as a Gargoyle Fighter on Mar 27, 2016.
             Was an Initiate of Gozag.
             Splashed by an oklob plant's acid (17 damage)
             ... on level 2 of the Lair of Beasts.
             The game lasted 01:47:20 (11459 turns).

dohliylev the Fighter (Gargoyle Fighter)           Turns: 11459, Time: 01:47:21

Health: -5/82      AC: 21    Str: 24    XL:     12   Next: 11%
Magic:  12/12      EV:  8    Int: 10    God:    Gozag
Gold:   2891       SH: 11    Dex:  9    Spells: 0 memorised, 11 levels left

rFire  . . .     SeeInvis .     U - -2 trident (curse)
rCold  . . .     Gourm    .     A - +1 chain mail {MR+}
rNeg   + . .     Faith    .     W - +0 shield
rPois  ∞         Spirit   .     z - +0 helmet
rElec  +         Dismiss  .     (no cloak)
rCorr  .         Reflect  .     x - +0 pair of gloves
SustAt .         Harm     +     L - +0 pair of boots
MR     ++...                    b - amulet of harm
Stlth  ..........               y - ring of protection from magic
                                v - +4 ring of slaying

@: corroded, very resistant to hostile enchantments, extremely unstealthy
A: negative energy resistance 1, electricity resistance, unbreathing,
petrification resistance, rot immunity, AC +8
a: Potion Petition, Call Merchant, Bribe Branch, Renounce Religion


You were on level 2 of the Lair of Beasts.
You worshipped Gozag.
Gozag was noncommittal.
You were not hungry.

You visited 3 branches of the dungeon, and saw 13 of its levels.

You collected 2914 gold pieces.
You paid 23 gold pieces to Gozag.

Inventory:

Hand Weapons
 a - a +0 war axe
 e - a +2 flail of protection
 l - a +3 war axe
 B - a +0 flail of protection
 Q - a +0 falchion of holy wrath
 U - a cursed -2 trident (weapon)
Missiles
 j - 19 tomahawks
 u - 7 exploding tomahawks (quivered)
Armour
 p - a +0 large shield
 x - a +0 pair of gloves (worn)
 z - a +0 helmet (worn)
 A - a +1 chain mail of magic resistance (worn)
 H - a +0 ring mail of poison resistance
 L - a +0 pair of boots (worn)
 W - a +0 shield (worn)
Jewellery
 b - an amulet of harm (around neck)
 n - an uncursed ring of fire
 s - a +4 ring of dexterity
 v - a +4 ring of slaying (left hand)
 y - a ring of protection from magic (right hand)
 E - an uncursed ring of resist corrosion
 V - an uncursed ring of protection from magic
 Y - an uncursed ring of protection from magic
Wands
 O - a wand of paralysis (11/24)
 P - a wand of heal wounds (0/9)
 R - a wand of polymorph (8/24)
Scrolls
 h - 4 scrolls of amnesia
 o - 5 scrolls of immolation
 r - 2 scrolls of teleportation
 t - 3 scrolls of enchant armour
 w - a scroll of holy word {unknown}
 D - 2 scrolls of enchant weapon
 F - a scroll of magic mapping
 G - 2 scrolls of fear
 J - 2 scrolls of noise
 K - 3 scrolls of recharging
 M - a scroll of silence
Potions
 c - 2 potions of flight
 d - 2 potions of might
 g - a potion of cure mutation
 i - 2 potions of mutation
 k - 3 potions of lignification
 m - a potion of invisibility
 C - a potion of heal wounds {unknown}
 I - a potion of ambrosia {unknown}
 N - a potion of resistance {unknown}
 Z - 2 potions of brilliance {unknown}
Books
 S - a book of Fire

   Spells                             Type                      Level
   a - Ignite Poison                  Fire/Transmutation/Poison    3
   b - Fireball                       Conjuration/Fire             5
   c - Bolt of Fire                   Conjuration/Fire             6
   d - Delayed Fireball               Conjuration/Fire             7
   e - Ring of Flames                 Charms/Fire                  7
Comestibles
 f - 7 bread rations
 q - 3 meat rations


   Skills:
 + Level 12.4 Fighting
 + Level 7.9(9.0) Axes
 + Level 5.8(8.0) Maces & Flails
 + Level 3.9(6.4) Polearms
 + Level 8.5 Armour
 + Level 2.2 Dodging
 - Level 0.2 Stealth
 + Level 9.3 Shields


You had 11 spell levels left.
You didn't know any spells.

Dungeon Overview and Level Annotations

Branches:
Dungeon (10/15)            Temple (0/1) D:6            Lair (2/8) D:10
    Orc (1/2) D:10

Altars:
Cheibriados
Dithmenos
Fedhas
Gozag
Okawaru
Qazlal
Trog
Xom
Yredelemnul

Shops:
D:7 *

Annotations:
Lair:2 exclusion: 2 oklob plants


Innate Abilities, Weirdness & Mutations

You are resistant to torment.
Your stone body is resilient (AC +8).
You are immune to poison.
You resist negative energy.
You are resistant to electric shocks.
You can survive without breathing.
You are immune to petrification.
You are immune to rotting.


Message History

The oklob plant spits acid at you. The splash of acid misses you.
Marking area around the oklob plant as unsafe for travelling.
An oklob plant comes into view.
Found a forked brass wand.
Found 2 brown potions.
You see here a scroll of recharging.
K - 3 scrolls of recharging (gained 1)
The oklob plant spits acid at you. The splash of acid hits you!
The acid burns!
You hit the plant but do no damage. The oklob plant spits acid at you.
The splash of acid hits you! The acid corrodes you!
The acid burns!
* * * LOW HITPOINT WARNING * * *
The oklob plant spits acid at you. The splash of acid hits you!
* * * LOW HITPOINT WARNING * * *
The acid burns!
You die...
Your body crumbles into a pile of gold.

#...## #.## ....##+.##
#....###...###..........+
....P##.....##...........
....# #..................
#...# #####.#............
#...# ####P..............
....###.##...........P...
#................PPPPP...
#...............@.>PPPPP
................PP?}.P!P.
.................PPPP.PP.
..................PP.PP).
##..####..#........PPP...
##..####..#..............
##..##......#............
##..P#...................
#....#...................


You could see 2 oklob plants.

Vanquished Creatures
  A hydra (Lair:2)
  Nergalle (D:10)
  Pikel (D:7)
  Psyche (D:10)
  4 spiny frogs
  A komodo dragon (Lair:1)
  3 blink frogs (Lair:2)
  A troll (D:10)
  A two-headed ogre (D:10)
  Prince Ribbit (D:6)
  Grinder (D:6)
  A wyvern (D:10)
  14 yaks
  Eustachio (D:5)
  A hippogriff (D:9)
  Menkaure (D:7)
  Edmund (D:4)
  2 hell hounds (D:10)
  4 water moccasins (Lair:1)
  2 porcupines
  3 sky beasts
  A wasp (D:10)
  6 orc warriors
  8 wolves
  2 phantoms (D:9)
  4 ogres
  4 centaurs
  3 crocodiles
  3 giant frogs
  A water moccasin zombie (D:7)
  A wyvern skeleton (D:9)
  4 scorpions
  4 wights (D:8)
  4 howler monkeys
  4 crimson imps
  A centaur zombie (D:7)
  5 hounds
  2 quasits
  10 orc priests
  A centaur skeleton (D:8)
  A gnoll shaman (D:10)
  2 jellies
  5 iguanas
  Natasha (twice) (D:4)
  15 orc wizards
  10 worker ants
  11 sheep (Lair:2)
  A killer bee zombie (D:10)
  A howler monkey skeleton (D:5)
  A worker ant zombie (D:5)
  Robin (D:3)
  6 adders
  9 gnolls
  10 river rats (Lair:1)
  3 shadow imps
  An adder zombie (D:5)
  An adder skeleton (D:6)
  A worm (D:2)
  A dart slug (D:6)
  6 giant geckos
  61 orcs
  4 giant cockroaches
  12 goblins
  8 hobgoblins
  7 jackals
  4 kobolds
  A ball python (D:1)
  8 bats
  6 giant newts
  7 rats
320 creatures vanquished.

Vanquished Creatures (others)
  A slave (D:7)
  An ogre (D:7)
  A gnoll sergeant (D:7)
  An orc wizard (D:7)
  2 gnolls (D:7)
  2 orcs (D:7)
8 creatures vanquished.

Grand Total: 328 creatures vanquished

Notes
Turn   | Place    | Note
--------------------------------------------------------------
     0 | D:1      | dohliylev the Gargoyle Fighter began the quest for the Orb.
     0 | D:1      | Reached XP level 1. HP: 14/14 MP: 1/1
   270 | D:1      | Reached XP level 2. HP: 17/20 MP: 2/2
   935 | D:2      | Reached skill level 4 in Fighting
   993 | D:2      | Reached XP level 3. HP: 19/24 MP: 3/3
  1615 | D:3      | Reached XP level 4. HP: 21/30 MP: 4/4
  1666 | D:3      | Found an opulent altar of Gozag.
  1705 | D:3      | Became a worshipper of Gozag Ym Sagoz the Greedy
  1942 | D:3      | Noticed Robin
  1961 | D:3      | Killed Robin
  1961 | D:3      | Reached skill level 5 in Fighting
  1961 | D:3      | Reached XP level 5. HP: 30/35 MP: 5/5
  2575 | D:4      | Found a shadowy altar of Dithmenos.
  2610 | D:4      | Noticed an ogre
  2617 | D:4      | Killed an ogre
  2622 | D:4      | Noticed Edmund
  2637 | D:4      | Killed Edmund
  2637 | D:4      | Reached XP level 6. HP: 25/41 MP: 6/6
  2729 | D:4      | Reached skill level 6 in Fighting
  3029 | D:4      | Noticed Natasha
  3038 | D:4      | Killed Natasha
  3038 | D:4      | Reached XP level 7. HP: 40/46 MP: 7/7
  3172 | D:4      | Noticed Natasha
  3180 | D:4      | Killed Natasha
  3180 | D:4      | Reached skill level 5 in Axes
  3190 | D:5      | Entered Level 5 of the Dungeon
  3544 | D:5      | Reached skill level 1 in Maces & Flails
  3721 | D:5      | Noticed Eustachio
  3756 | D:5      | Killed Eustachio
  3756 | D:5      | Reached skill level 7 in Fighting
  3756 | D:5      | Reached XP level 8. HP: 39/53 MP: 8/8
  4032 | D:6      | Noticed Prince Ribbit
  4049 | D:6      | Killed Prince Ribbit
  4212 | D:6      | Noticed Grinder
  4216 | D:6      | Paralysed by Grinder for 7 turns
  4230 | D:6      | Paralysed by Grinder for 4 turns
  4237 | D:6      | Killed Grinder
  4237 | D:6      | Reached skill level 8 in Fighting
  4446 | D:6      | Found a shimmering altar of Xom.
  4514 | D:6      | Found a staircase to the Ecumenical Temple.
  4684 | D:6      | Found an iron altar of Okawaru.
  4720 | D:7      | Reached XP level 9. HP: 60/60 MP: 9/9
  4804 | D:7      | Noticed Menkaure
  4812 | D:7      | Killed Menkaure
  4832 | D:7      | Reached skill level 5 in Armour
  4846 | D:7      | Noticed Pikel
  4853 | D:7      | Killed Pikel
  4853 | D:7      | Reached skill level 9 in Fighting
  5075 | D:7      | Reached skill level 5 in Shields
  5085 | D:7      | Found Ipuups's Assorted Antiques.
  5152 | D:7      | Found a snail-covered altar of Cheibriados.
  5152 | D:7      | Found a bloodstained altar of Trog.
  5152 | D:7      | Found a basalt altar of Yredelemnul.
  5152 | D:7      | Found a blossoming altar of Fedhas.
  5180 | D:7      | Found an opulent altar of Gozag.
  5180 | D:7      | Found a stormy altar of Qazlal.
  5485 | D:8      | Reached XP level 10. HP: 55/68 MP: 10/10
  5502 | D:8      | Reached skill level 10 in Fighting
  5523 | D:8      | HP: 2/68 [orc priest/divine providence (15)]
  5582 | D:8      | HP: 2/68 [orc priest/divine providence (10)]
  6316 | D:9      | Reached skill level 5 in Maces & Flails
  6356 | D:9      | Found an opulent altar of Gozag.
  6785 | D:9      | Reached skill level 11 in Fighting
  7073 | D:10     | Entered Level 10 of the Dungeon
  7089 | D:10     | Found a staircase to the Lair.
  7390 | D:10     | Found a staircase to the Orcish Mines.
  7871 | D:10     | Reached XP level 11. HP: 63/74 MP: 11/11
  8803 | D:10     | Noticed Nergalle
  8807 | D:10     | Noticed a spectral orc warlord
  8970 | D:10     | Killed Nergalle
  8970 | D:10     | Reached skill level 1 in Polearms
  9059 | Orc:1    | Entered Level 1 of the Orcish Mines
  9059 | Orc:1    | Noticed an orc warlord
  9246 | D:10     | Noticed Psyche
  9260 | D:10     | Killed Psyche
  9367 | Lair:1   | Entered Level 1 of the Lair of Beasts
  9545 | Lair:1   | Reached skill level 12 in Fighting
  9697 | Lair:1   | Reached skill level 1 in Dodging
 10482 | Lair:2   | Noticed a six-headed hydra
 10497 | Lair:2   | Killed a six-headed hydra
 10934 | Lair:2   | Reached XP level 12. HP: 39/81 MP: 12/12
 11459 | Lair:2   | Splashed by an oklob plant's acid

Vault maps used:
D:1:      lemuel_arrival_broad_hall, supply_closet_lemuel
D:3:      first_bread, minmay_misc_feat_ornament,
          nicolae_gozag_cash_rules_everything_around_me, uniq_robin
D:4:      overflow_temple_1_default, uniq_edmund, uniq_natasha
D:5:      uniq_eustachio
D:6:      tgw_xom, okawaru_trees_2, uniq_prince_ribbit1, uniq_grinder
D:7:      minmay_overflow_temple_hex, serial_shops, shop, uniq_menkaure,
          uniq_pikel
D:9:      basic_altar
D:10:     minmay_lair_entry_lava, hiddenorc2_lemuel, uniq_nergalle, uniq_psyche
Lair:2:   disabler_island, infiniplex_staircase_pool

Skill      XL: |  1  2  3  4  5  6  7  8  9 10 11 12 |
---------------+-------------------------------------+-----
Axes           | 2 3 4 5 6 7 |  7.9
Fighting       | 4 5 6 7 8 9 11 12 | 12.4
Maces & Flails | 1 3 4 5 |  5.8
Armour         | 4 5 6 8 |  8.5
Shields        | 5 7 9 |  9.3
Polearms       | 3 |  3.9
Dodging        | 1 2 |  2.2
Stealth        | |  0.2

Action                   |  1- 3 |  4- 6 |  7- 9 | 10-12 || total
-------------------------+-------+-------+-------+-------++-------
Melee: War axe           |   174 |    89 |    94 |   124 ||   481
       Flail             |       |    32 |   224 |   154 ||   410
       Falchion          |       |       |       |     8 ||     8
       Trident           |       |       |       |   514 ||   514
Invok: Potion Petition   |       |     1 |       |       ||     1
  Use: Scroll            |       |     8 |     7 |    10 ||    25
       Potion            |       |       |       |     6 ||     6
 Stab: Distracted        |       |     2 |     3 |     2 ||     7
  Eat: Chunk             |     2 |     1 |       |       ||     3
       Bread ration      |       |     1 |       |       ||     1
       Fruit             |       |       |     4 |       ||     4
       Beef jerky        |       |       |     2 |     1 ||     3
       Pizza             |       |       |     1 |       ||     1
       Meat ration       |       |       |       |     4 ||     4
